 Dungeon Crawl Stone Soup version 0.29.0-15-g675c0067aa (webtiles) character file.

Game seed: 3874095541251599109

1988 smilodon the Grappler (level 9, -6/65 HPs)
             Began as a Demonspawn Fighter on Sept 11, 2022.
             Was a Follower of Nemelex Xobeh.
             Killed from afar by a steam dragon (13 damage)
             ... with a ball of steam
             ... on level 7 of the Dungeon on Sept 12, 2022.
             The game lasted 00:20:06 (8012 turns).

smilodon the Grappler (Demonspawn Fighter)          Turns: 8012, Time: 00:20:08

Health: -6/65      AC:  6    Str: 25    XL:     9   Next: 1%
Magic:  9/9        EV: 10    Int: 11    God:    Nemelex Xobeh [*.....]
Gold:   374        SH: 17    Dex: 13    Spells: 6/8 levels left

rFire   . . .      SeeInvis +     - Unarmed
rCold   x . .      Faith    .   f - +0 kite shield of Compassion {+Inv rC- rN++ SInv}
rNeg    + + .      Spirit   .   j - +1 robe {Will+}
rPois   +          Reflect  .   g - +2 helmet
rElec   .          Harm     .   (no cloak)
rCorr   .          Rampage  .   (no gloves)
Will    +....                   (no boots)
Stlth   +.........              r - amulet of regeneration
HPRegen 1.00/turn               e - +6 ring of strength
MPRegen 0.11/turn               o - ring of poison resistance

@: about to teleport
A: claws 1, large bone plates 3, icemail 1, condensation shield, demonic magic 1
a: Renounce Religion, Evoke Invisibility, Draw Escape, Draw Destruction, Draw
Summoning


You were on level 7 of the Dungeon.
You worshipped Nemelex Xobeh.
Nemelex Xobeh was aware of your devotion.
You visited 2 branches of the dungeon, and saw 8 of its levels.

You collected 374 gold pieces.

Inventory:

Missiles
 a - 4 poisoned darts (quivered)
Armour
 b - a +0 scale mail
 c - a +0 buckler
 f - the +0 kite shield of Compassion (worn) {+Inv rC- rN++ SInv}
   (You acquired it on level 6 of the Dungeon)

   rC:        It makes you vulnerable to cold.
   rN:        It greatly protects you from negative energy.
   SInv:      It lets you see invisible.
   +Inv:      It lets you turn invisible.
 g - a +2 helmet (worn)
 j - a +1 robe of willpower (worn)
Magical Staves
 i - a staff of earth
Jewellery
 e - a +6 ring of strength (left claw)
 n - a ring of fire
 o - a ring of poison resistance (right claw)
 r - an amulet of regeneration (around neck)
Wands
 k - a wand of flame (58)
 m - a wand of polymorph (1)
Scrolls
 d - 2 scrolls of poison
 l - a scroll of teleportation
Potions
 h - 3 potions of degeneration


   Skills:
 - Level 4.0 Fighting
 - Level 2.9 Long Blades
 - Level 3.6 Armour
 - Level 2.2 Dodging
 - Level 3.7 Shields
 * Level 9.1 Unarmed Combat
 + Level 0.0 Spellcasting


You had 6 spell levels left.
You knew the following spells:

 Your Spells              Type           Power      Damage    Failure   Level
a - Blink                 Tloc           0%         N/A       85%         2

Your spell library contained the following spells:

 Spells                   Type           Power      Damage    Failure   Level
 Necrotise                Necr           0%         1d4       71%         1
 Call Canine Familiar     Summ           0%         N/A       97%         3
 Lesser Beckoning         Tloc           0%         N/A       97%         3
 Portal Projectile        Hex/Tloc       0%         N/A       97%         3
 Summon Guardian Golem    Hex/Summ       0%         N/A       97%         3
 Vampiric Draining        Necr           0%         2d6       97%         3
 Leda's Liquefaction      Hex/Erth       0%         N/A       100%        4
 Agony                    Necr           0%         N/A       100%        5
 Manifold Assault         Tloc           0%         N/A       100%        5
 Orb of Destruction       Conj           0%         9d5       100%        7
 Spellforged Servitor     Conj/Summ      0%         N/A       100%        7


Dungeon Overview and Level Annotations

Branches:
Dungeon (7/15)             Temple (1/1) D:5

Altars:
Cheibriados
Dithmenos
Fedhas
Gozag
Hepliaklqana
Kikubaaqudgha
Nemelex Xobeh
Okawaru
Qazlal
Ru
Sif Muna
Trog
Uskayaw
Vehumet
Xom
Yredelemnul

Shops:
D:3 (

Annotations:
D:4 Edmund


Innate Abilities, Weirdness & Mutations

You have sharp fingernails.
You are completely covered in large bone plates. (SH +8)
A meltable icy envelope protects you from harm. (AC +0)
A meltable shield of frost defends you. (SH +0)
Spells you cast may paralyse adjacent enemies.


Message History

An ogre comes into view. It is wielding a +0 giant club.
You claw the steam dragon!
The steam dragon is moderately wounded.
The steam dragon barely misses you. x2; The orc barely misses you.
You scratch the steam dragon.
The steam dragon is heavily wounded.
The steam dragon breathes steam at you. The ball of steam hits you!!
* * * LOW HITPOINT WARNING * * *
The orc hits you but does no damage.
You are too injured to fight recklessly!
You are too injured to fight recklessly!
You are too injured to fight recklessly!
You are too injured to fight recklessly!
You are too injured to fight recklessly!
Okay, then.
Okay, then.
Okay, then.
Okay, then.
You feel much better.
You are engulfed in a cloud of scalding steam.
The steam dragon bites you but does no damage.
The steam dragon claws you but does no damage.
You block the orc's attack.
Okay, then.
You claw the steam dragon!
The steam dragon is severely wounded.
You are engulfed in a cloud of scalding steam.
The steam dragon breathes steam at you. The ball of steam hits you!!
* * * LOW HITPOINT WARNING * * *
You block the orc's attack.
As you read the scroll of teleportation, it crumbles to dust.
You feel strangely unstable.
You are engulfed in a cloud of scalding steam.
* * * LOW HITPOINT WARNING * * *
The steam dragon breathes steam at you. The ball of steam hits you!
You die...
Your body disappears without a glow.

.. ##...# ...#
###...###..
..##...####.#....##..
......##............
....................
...................
#..................
####..................
..#....Do...............
.......@.........#......
......(§.........#......
.......................#
#..O.#.§...............#
#..###.§...............#
.. #.................# .
#...#.....K........#
......#...............
......##.#........)....


You could see a steam dragon (catching breath), an ogre, an orc and a kobold.

Vanquished Creatures
  A rime drake (D:5)
  Grinder (D:3)
  2 black bears (D:6)
  A phantom (D:7)
  A centaur (D:6)
  2 lemures (D:5)
  An ogre (D:5)
  2 scorpions
  2 bullfrogs
  A necrophage (D:5)
  2 jellies
  4 hounds
  A gnoll bouda (D:5)
  4 orc priests
  5 orc wizards
  Terence (D:3)
  An iguana (D:4)
  3 gnolls (D:4)
  12 adders
  A shadow imp (D:3)
  2 white imps
  3 ufetubi
  A worm (D:5)
  3 dart slugs
  16 orcs
  7 ball pythons
  7 endoplasms
  5 giant cockroaches
  6 goblins
  9 hobgoblins
  19 kobolds
  3 quokkas
  6 bats
  2 frilled lizards
  6 rats
143 creatures vanquished.

Vanquished Creatures (others)
  29 plants (D:7)
29 creatures vanquished.

Grand Total: 172 creatures vanquished

Notes
Turn   | Place    | Note
-------+----------+-------------------------------------------
     0 | D:1      | smilodon the Demonspawn Fighter began the quest for the
                  | Orb.
     0 | D:1      | Reached XP level 1. HP: 18/18 MP: 1/1
   154 | D:1      | Gained mutation: A meltable shield of frost defends you.
                  | (SH +0) [demonic ancestry]
   154 | D:1      | Reached XP level 2. HP: 18/24 MP: 2/2
   642 | D:1      | Gained mutation: Spells you cast may paralyse adjacent
                  | enemies. [demonic ancestry]
   642 | D:1      | Reached XP level 3. HP: 26/29 MP: 3/3
   668 | D:1      | Found a faded altar of an unknown god.
  1200 | D:2      | Gained mutation: You are partially covered in large bone
                  | plates. (SH +4) [demonic ancestry]
  1200 | D:2      | Reached XP level 4. HP: 35/35 MP: 4/4
  2399 | D:3      | Noticed Grinder
  2454 | D:3      | Killed Grinder
  2455 | D:3      | Gained mutation: A meltable icy envelope protects you from
                  | harm. (AC +0) [demonic ancestry]
  2455 | D:3      | Reached XP level 5. HP: 30/42 MP: 5/5
  2455 | D:3      | Gained mutation: You have sharp fingernails. [demonic
                  | ancestry]
  2455 | D:3      | Reached XP level 6. HP: 34/48 MP: 6/6
  2631 | D:3      | Found Hunaps's Weapon Emporium.
  2828 | D:3      | Noticed Terence
  2969 | D:3      | Killed Terence
  2970 | D:3      | Reached skill level 1 in Unarmed Combat
  3980 | D:4      | Reached skill level 2 in Unarmed Combat
  4147 | D:4      | Found an iron altar of Okawaru.
  4209 | D:4      | HP: 1/48 [orc priest/divine providence (11)]
  4215 | D:4      | Reached skill level 3 in Unarmed Combat
  5064 | D:5      | Entered Level 5 of the Dungeon
  5079 | D:5      | Noticed Edmund
  5300 | D:5      | Gained mutation: You are mostly covered in large bone
                  | plates. (SH +6) [demonic ancestry]
  5300 | D:5      | Reached XP level 7. HP: 52/54 MP: 7/7
  5394 | D:5      | Reached skill level 4 in Unarmed Combat
  5708 | D:5      | Noticed Pikel
  5757 | D:5      | Found a staircase to the Ecumenical Temple.
  6017 | D:5      | Noticed Pikel
  6017 | D:5      | Pikel changed into Pikel the rime drake
  6038 | D:5      | Killed Pikel the rime drake
  6039 | D:5      | Reached skill level 6 in Unarmed Combat
  6039 | D:5      | Reached XP level 8. HP: 35/60 MP: 8/8
  6183 | Temple   | Entered the Ecumenical Temple
  6471 | Temple   | Became a worshipper of Nemelex Xobeh the Trickster
  6715 | D:6      | Found a bloodstained altar of Trog.
  6754 | D:6      | Reached skill level 7 in Unarmed Combat
  6882 | D:6      | Learned a level 2 spell: Blink
  7065 | D:6      | Reached skill level 8 in Unarmed Combat
  7459 | D:6      | Identified a scroll of acquirement
  7459 | D:6      | Acquired the +0 kite shield of Compassion {+Inv rC- rN++
                  | SInv}
  7522 | D:7      | Found a stormy altar of Qazlal.
  7680 | D:7      | Reached * piety under Nemelex Xobeh
  7746 | D:7      | Found a shadowy altar of Dithmenos.
  7754 | D:7      | Reached skill level 9 in Unarmed Combat
  7754 | D:7      | Gained mutation: You are completely covered in large bone
                  | plates. (SH +8) [demonic ancestry]
  7754 | D:7      | Reached XP level 9. HP: 65/65 MP: 9/9
  8012 | D:7      | Killed from afar by a steam dragon

Illustrated notes

Levels and vault maps discovered:
D:1:      tarquinn_simple_flora_water_f, layout_loops_ring,
          dreamdust_ecumenical_altar_statues
D:2:      layout_loops_corners
D:3:      layout_loops_corners, serial_shops, shop, chequers_garden,
          due_unseen_surprise, uniq_terence, uniq_grinder
D:4:      layout_loops_ring, okawaru_ov_weapons_minmay
D:5:      layout_rooms, minmay_temple_entry_proselytizer,
          grunt_decor_one_mirror, amcnicky_mini_pool_medium, uniq_edmund,
          uniq_pikel
D:6:      layout_rooms, tso_altar, trog_ov_bears_minmay, minmay_crystal_room
D:7:      kennysheep_kobold_camp, layout_cave_pools,
          nicolae_ashenzari_panopticon, grunt_qazlal_clouds,
          grunt_dithmenos_shadows
Temple:   nicolae_temple_figure_eight

Skill      XL: |  1  2  3  4  5  6  7  8 |
---------------+-------------------------+-----
Long Blades    | 2 |  2.9
Shields        | 3 |  3.7
Armour         | 3 |  3.6
Fighting       | 4 |  4.0
Dodging        | 2 |  2.2
Unarmed Combat | 3 6 9 |  9.1

Action                   |  1- 3 |  4- 6 |  7- 9 || total
-------------------------+-------+-------+-------++-------
Melee: Long sword        |   148 |    62 |       ||   210
       Unarmed           |       |   462 |   391 ||   853
Throw: Throwing net      |       |       |     1 ||     1
 Cast: Blink             |       |       |     1 ||     1
Evoke: Wand              |       |       |     4 ||     4
  Use: Potion            |       |    11 |     2 ||    13
       Scroll            |       |     7 |     8 ||    15
 Stab: Held in net/web   |       |       |     1 ||     1
Armor: Scale mail        |    94 |   165 |    51 ||   310
       Robe              |       |       |    47 ||    47
Dodge: Dodged            |    74 |   149 |   109 ||   332
Block: Buckler           |    65 |   359 |   231 ||   655
       Kite shield       |       |       |    64 ||    64
